[Event "European Women-ch 2023"]
[Site "Petrovac"]
[Date "2023.03.23"]
[Round "6.23"]
[White "Maras, Marija Mia"]
[Black "Bakalarz, Grazyna"]
[Result "0-1"]
[ECO "A22"]
[WhiteElo "1051"]
[BlackElo "1847"]
[Annotator "NA RC COMBH"]
[PlyCount "54"]
[EventDate "2023.03.15"]
[EventType "swiss"]
[EventCountry "MNE"]
[SourceTitle "playchess.com"]
[Source "ChessBase"]
[SourceQuality "1"]
[TimeControl "40/5400+30:1800+30"]

1. c4 e5 2. Nc3 Nf6 3. e3 d5 4. cxd5 Nxd5 5. Nge2 Nc6 6. g3 Ndb4 7. Ng1 Nd3+ 8. Bxd3 Qxd3 9. a3 Be6 10. Qe2 O-O-O 11. b4 Be7 12. Bb2 Qc2 13. Nd1 Qe4 14. Qf3 Qxf3 15. Nxf3 Bd5 16. Ke2 Bf6 17. Bc3 Rhe8 18. Nb2 Nd4+ 19. Bxd4 exd4 20. Rhe1 d3+ 21. Kf1 Bxb2 22. Rab1 Bxf3 23. Rxb2 Re6 24. Rb3 Rc6 25. a4 Rc2 26. Rbb1 Rxd2 27. Ra1 Rc2 0-1

[Event "European Women-ch 2023"]
[Site "Petrovac"]
[Date "2023.03.23"]
[Round "6.24"]
[White "Froewis, Annika"]
[Black "Eric, Jovana"]
[Result "1/2-1/2"]
[ECO "A45"]
[WhiteElo "2123"]
[BlackElo "2230"]
[Annotator "TA"]
[PlyCount "149"]
[EventDate "2023.03.15"]
[EventType "swiss"]
[EventCountry "MNE"]
[SourceTitle "playchess.com"]
[Source "ChessBase"]
[SourceQuality "1"]
[TimeControl "40/5400+30:1800+30"]

1. d4 {[%emt 0:00:03] ChessBase II} Nf6 2. Bf4 e6 3. e3 b6 4. c3 Bb7 5. Nd2 g6 6. h3 {[%emt 0:04:18] A45: Trompowsky Attack.} Bg7 7. Ngf3 d6 8. Qc2 Nbd7 9. e4 O-O 10. Bd3 {[%emt 0:07:08] [#]} Re8 $146 (10... e5 $5 11. Bg3 (11. dxe5 dxe5 12. Be3 Qe7 $11) 11... Nh5 $11) ({Predecessor:} 10... Qe7 11. O-O Nh5 12. Bg5 f6 13. Be3 e5 14. Rfe1 Kh8 15. Nc4 Rae8 16. Bd2 Qf7 {0-1 Oney,R (1763)-Abergel,T (2475) Sautron op 19th 2019 (1.3)}) 11. O-O-O (11. Bh2 $14) 11... e5 $15 12. dxe5 dxe5 13. Bg5 h6 14. Be3 Nh5 (14... Qe7 $1 $15) 15. g3 $11 Qe7 16. Nh4 Kh7 17. Rhg1 Nc5 18. Be2 Nf6 19. f3 $1 a5 20. Kb1 a4 21. Bf2 Bc6 $36 {[%emt 0:06:36][%mdl 2048] Black is more active.} 22. g4 Ne6 23. Ng2 b5 24. a3 Bd7 25. h4 c5 26. Ka1 (26. h5 $11) 26... Rec8 27. Bg3 (27. h5 $11) 27... Ne8 (27... Nd4 $1 $17 28. cxd4 cxd4) 28. Ne3 Nf4 29. Bf1 ({White should try} 29. Bxf4 $11 exf4 30. Nd5 Qxh4 31. Nb6) 29... Nc7 $15 30. Rh1 Kg8 (30... Rab8 {is interesting.} 31. h5 g5 32. Nf5 Qf8) 31. Rh2 ({White should play} 31. Bxf4 $15 exf4 32. Nd5) 31... Be6 32. c4 bxc4 (32... b4 $15) 33. Bxc4 $11 Rcb8 34. Ka2 (34. h5 $11 {remains equal.}) 34... Nb5 {[%emt 0:01:27] ...Nd4 would be deadly.} 35. Bxe6 Nxe6 (35... Qxe6+ $15 {deserves consideration.} 36. Qc4 Qb6) 36. Nd5 Qb7 37. Nc4 Nbd4 38. Qc3 (38. Qd3 $1 $11 {keeps the balance.}) 38... f6 (38... Nf4 $17 39. Bxf4 exf4) 39. Rd3 {[%emt 0:02:13] Active counter play!} (39. Nce3 $11) 39... Qa7 40. Qc1 Rb3 (40... Qa6 {keeps more tension.} 41. g5 Rb3 42. Rxd4 Nxd4 43. gxf6 Rxf3 44. Bxe5 Bxf6 45. Bxf6 Rxf6 46. Rg2 Re6) 41. Rxb3 axb3+ 42. Kb1 Qa6 43. Rf2 Nc2 44. Qf1 Kh7 45. Qd3 Ncd4 (45... Nb4 $1 $11 46. Qxb3 (46. axb4 $2 Qa1#) 46... Nd4) 46. Qc3 ({Better is} 46. f4 $14) 46... Rd8 47. Kc1 (47. Qd3 $11) 47... f5 $15 48. Qd3 (48. Nxe5 $2 f4 49. Bh2 Ne2+ 50. Rxe2 Qxe2 $19) (48. Bxe5 Bxe5 49. Nxe5 fxg4 $17) 48... f4 49. Bh2 Qb5 50. Bg1 Ra8 (50... Nc2 $5 51. Qf1 (51. Nxe5 c4 $17) 51... Ned4 $11) 51. Kb1 Ra4 52. Ndb6 Ra7 (52... Ra6 $5 53. Nd5 $8 Nc2 54. Rxc2 bxc2+ 55. Kxc2 (55. Qxc2 Ra7 $11) 55... Qe8 $11) 53. Nd5 {[%emt 0:00:37] Against Bf6} Nc7 {[%emt 0:00:36] Threatens to win with ...Nxd5.} (53... Ra4 $5 54. Ndb6 $8 Ra7 $11) 54. h5 $2 (54. Nc3 $1 $14 {keeps the upper hand.} Qb7 55. Rf1) 54... g5 $2 (54... Nxd5 $1 $19 55. exd5 e4 56. fxe4 (56. Qxe4 $2 Qxc4 57. Bh2 Kg8 $19) (56. hxg6+ $2 Kg8 $19) 56... Ra4) 55. Nc3 (55. Rf1 $16) 55... Qa6 $11 56. Rf1 Ncb5 {[%emt 0:00:28] ...Nd6 is the strong threat.} 57. Nd5 Nd6 $1 58. Rc1 {[%emt 0:00:28] Black must now prevent Bxd4.} (58. Bxd4 $2 Nxc4 59. Rd1 exd4 $19) 58... Qb5 $2 (58... Nxc4 $11 {and Black has nothing to worry.} 59. Rxc4 Nxf3 60. Bxc5 Ra8 {[%mdl 64] Decoy}) 59. Rc3 $2 {[%emt 0:00:23] [#]} (59. Bxd4 $18 cxd4 60. Nb4 Nxc4 61. Rxc4) 59... Nxf3 (59... Nxc4 $1 $15 {stays ahead.} 60. Bxd4 (60. Qxc4 Qxc4) 60... Nd2+ 61. Qxd2 exd4) 60. Qxf3 (60. Nxd6 $16 Qxd3+ 61. Rxd3 Nxg1 62. Rxb3) 60... Nxc4 61. Qd3 {[%emt 0:00:25] Inhibits Nd2+.} Ra4 62. Kc1 $2 {[%emt 0:00:16] [#]} (62. Nc7 $11 Nxa3+ 63. bxa3 Qxd3+ 64. Rxd3 Rxe4 65. Bf2 (65. Rxb3 $2 Re1+ 66. Kc2 Rxg1 $19)) 62... Nd6 $2 (62... Qa5 63. Rxb3 Qe1+ 64. Kc2 $16) (62... Nxa3 $1 $19 {And now ...c4 would win.} 63. Rxb3 (63. bxa3 $2 c4 $19) 63... Qxd3 {[%mdl 64] Deflection} 64. Rxd3 Nb5) 63. Qxb5 Nxb5 64. Rxb3 Rxe4 $2 {[%emt 0:00:10] [#]} 65. Rxb5 $2 (65. Kd1 $1 $18) 65... Re1+ 66. Kd2 Rxg1 {[%emt 0:00:06][%mdl 4096] Endgame KRB-KRN} 67. Rb7 e4 {[%emt 0:02:20] Strongly threatening ...e3+.} (67... Rxg4 $2 68. Nf6+ Kh8 69. Rb8+ $18) 68. Nf6+ Kh8 69. Rb8+ Bf8 {[%emt 0:00:04] aiming for ...e3+.} 70. Rb7 {[%emt 0:00:41][%csl Gf6][%cal Rb7h7][%mdl 1024] White has compensation.} (70. Nxe4 $5 Kg8 71. Nxc5 $14) 70... e3+ (70... Rg2+ 71. Ke1 Bg7 72. Rb8+ $14 (72. Nxe4 Bxb2 73. Rb6 Kh7 $15) (72. Nxe4 Bxb2 73. Rb6 Kh7 $11)) 71. Kd3 (71. Ke2 $5 Bg7 $8 72. Rb8+ Bf8 73. Rb7 $11 (73. Rxf8+ Kg7 $11)) 71... Bg7 72. Rb8+ Bf8 73. Rb7 $1 {[%emt 0:00:33][%csl Gf6][%cal Rb7h7] The position is equal.} (73. Rxf8+ Kg7 74. Rc8 Rd1+ 75. Ke2 Rd2+ 76. Ke1 f3 77. Ne8+ Kf7 $19) 73... Bg7 74. Rb8+ Bf8 75. Rb7 $1 {[%emt 0:00:04] An exciting game.   Weighted Error Value: White=0.36/Black=0.30} (75. Rxf8+ $2 {is the wrong capture.} Kg7 $19) 1/2-1/2

[Event "European Women-ch 2023"]
[Site "Petrovac"]
[Date "2023.03.23"]
[Round "6.24"]
[White "Petrovska, Katerina"]
[Black "Ivanovic, Tara"]
[Result "1/2-1/2"]
[ECO "C28"]
[WhiteElo "1907"]
[BlackElo "1472"]
[Annotator "TA"]
[PlyCount "60"]
[EventDate "2023.03.15"]
[EventType "swiss"]
[EventCountry "MNE"]
[SourceTitle "playchess.com"]
[Source "ChessBase"]
[SourceQuality "1"]
[TimeControl "40/5400+30:1800+30"]

1. e4 e5 2. Bc4 Nf6 3. d3 Be7 4. Nc3 Nc6 5. f4 exf4 6. Bxf4 {[%emt 0:00:18] e5 is the strong threat.} d6 7. h3 Be6 8. Bxe6 fxe6 9. Nf3 e5 10. Be3 Qd7 11. Qd2 O-O-O 12. O-O-O Rdf8 13. d4 exd4 14. Nxd4 Nxd4 (14... Kb8 $11) 15. Qxd4 $16 b6 16. Qc4 {[%emt 0:06:01] [#] Against Qc6. aiming for e5.} Kb7 17. e5 Ne8 18. Nb5 {[%emt 0:11:53] White is much more active. The black rooks are badly placed.} (18. Rhg1 $16) 18... Qc6 $11 19. Qxc6+ ({Much worse is} 19. Qa4 a6 20. Nc3 dxe5 21. Qxc6+ Kxc6 $17) 19... Kxc6 20. exd6 Nxd6 21. Nd4+ Kb7 22. Rhf1 Rxf1 23. Rxf1 Bf6 {[%emt 0:02:31] ...Nc4 would be deadly.} 24. c3 Re8 25. Bf4 Re4 26. Bxd6 cxd6 27. Rd1 Bxd4 28. cxd4 (28. Rxd4 $11 {keeps the balance.} Rxd4 29. cxd4) 28... Re2 (28... Kc6 $17) 29. g4 Re3 30. Rf1 Re7 {[%emt 0:01:42] Weighted Error Value: White=0.19 (very precise) /Black=0.18 (very precise)} 1/2-1/2

[Event "European Women-ch 2023"]
[Site "Petrovac"]
[Date "2023.03.23"]
[Round "6.25"]
[White "Sandu, Mihaela"]
[Black "Lomaia, Diana"]
[Result "1-0"]
[ECO "B48"]
[WhiteElo "2211"]
[BlackElo "1950"]
[Annotator "TA"]
[PlyCount "111"]
[EventDate "2023.03.15"]
[EventType "swiss"]
[EventCountry "MNE"]
[SourceTitle "playchess.com"]
[Source "ChessBase"]
[SourceQuality "1"]
[TimeControl "40/5400+30:1800+30"]

1. e4 c5 2. Nf3 e6 3. d4 cxd4 4. Nxd4 Nc6 5. Nc3 Qc7 6. Be3 a6 7. g4 {[%emt 0:00:36] 7.g4 is the recent fashion. B48: Sicilian: Taimanov: 5 Nc3 Qc7 6 Be3 a6 without Be2.} b5 8. Nxc6 Qxc6 9. Qd2 {[%emt 0:00:25] The position is equal.} Bb7 10. f3 Rc8 11. O-O-O Ne7 {[%emt 0:05:22] [#]} 12. Bd3 $146 (12. Kb1 $11) ({Predecessor:} 12. Ne2 Ng6 13. Nd4 Qc7 14. Be2 Ne5 15. Kb1 Be7 16. h4 d5 17. Bf4 Bd6 18. Bh2 O-O 19. f4 Nc4 20. Bxc4 dxc4 21. Nxe6 {½-½ Brkic,A (2588)-Andreikin,D (2724) FRM-chT 29th 2021 (4)}) 12... b4 (12... Ng6 $1 $15) 13. Ne2 $36 {[%emt 0:00:17][%mdl 2048] White is more active.} Qa4 (13... Ng6 $14) 14. Kb1 $16 d5 15. Nf4 Ng6 16. b3 Qa5 {[%emt 0:01:54] [#]} (16... Qd7 $142) 17. Bd4 ({White should play} 17. Nh5 $1) 17... Rd8 (17... e5 $2 18. Nxg6 hxg6 19. Bxe5 $18) (17... Be7 $16) 18. exd5 $18 Nxf4 19. Qxf4 {[%emt 0:00:05] dxe6 would be deadly.} Bxd5 (19... Qxd5 $16 20. Be4 Qd7) 20. Rhe1 Bb7 21. Qe3 Rd6 {[%emt 0:04:22] Dodges Bb6} 22. Bc5 Rd5 23. Bb6 (23. Bxf8 $142 Rxf8 24. Bc4 (24. Bxh7 Qc5 $16) 24... Rxd1+ 25. Rxd1) 23... Bc5 24. Bxa5 Bxe3 25. Bxb4 Bf2 26. Rf1 Bc5 27. Bxc5 Rxc5 28. b4 Rc7 29. Kb2 Ke7 30. c4 a5 31. a3 (31. bxa5 $6 Ra8 $11) 31... Rb8 (31... g5 $16 32. Rf2 (32. bxa5 Rc5 $14) 32... h5) 32. Kc3 (32. bxa5 $2 Bxf3+ 33. Kc3 Bxd1 34. Rxd1 Ra7 $19) 32... Rbc8 33. f4 (33. bxa5 Bd5 $11) 33... Ba6 (33... Bg2 {might work better.}) 34. c5 (34. bxa5 Bxc4 35. Bxc4 Rxc4+ 36. Kb3 Rc3+ 37. Kb4 R3c4+ 38. Kb5 R4c5+ 39. Kb6 R5c6+ 40. Kb7 (40. Kb5 Rc5+ 41. Kb6 R5c6+ 42. Kb7 R6c7+ 43. Kb6 Rc6+ $11) 40... R6c7+ 41. Kb6 Rc6+ 42. Kb7 (42. Kb5 Rc5+ 43. Kb6 R5c6+ $11) 42... R6c7+ 43. Kb6 Rc6+ $11) (34. Bxh7 $2 axb4+ 35. Kb2 g6 $19) 34... Bb7 35. Bc4 {[%emt 0:00:10] Strongly threatening f5.} (35. bxa5 Rxc5+ 36. Kb4 Bd5 $16) (35. Bxh7 $6 Rh8 $16) 35... Be4 (35... Ra8 $142 36. Bb3 Ra6) 36. Rd4 (36. bxa5 $2 Rxc5 37. Rd4 Bd5 $19) 36... Bg2 37. Rf2 Bb7 38. g5 ({Not} 38. bxa5 Rxc5 39. Kb4 Bd5 $16) 38... g6 39. Rfd2 ({Don't play} 39. bxa5 $6 Rxc5 40. Kb4 Bd5 $16) 39... axb4+ 40. axb4 Ra8 $2 (40... Bc6 {was necessary.} 41. b5 Bxb5 {[%mdl 64] Decoy} 42. Bxb5 Rxc5+ 43. Rc4 Rxc4+ 44. Bxc4 Rc7) 41. b5 {[%emt 0:02:34] [#] Black must now prevent b6.} Rac8 42. c6 (42. Kb4 $142) 42... Bxc6 43. bxc6 Rxc6 44. h4 Rc5 45. Kb4 Rf5 46. Ra2 Rb8+ 47. Kc3 {[%emt 0:00:11] And now Ra7+ would win.} Kf8 48. Ra7 Rc5 (48... Rc8 $142 49. Kd2 Rfc5) 49. Kd3 {[%emt 0:00:49] Rdd7 is the strong threat.} Rbc8 50. Ba6 (50. Rdd7 $142 Rxc4 51. Rxf7+ Kg8 52. Rg7+ (52. Rxh7 Rxf4 53. Rag7+ Kf8 $18) 52... Kh8 53. Rxh7+ Kg8 54. Rag7+ Kf8 55. Rf7+ Kg8 56. Rhg7+ Kh8 57. Rxg6) 50... Rb8 $2 (50... R5c7 {was called for.} 51. Rb7 Rxb7) 51. Ke4 {[%emt 0:01:34] Threatens to win with Rdd7.} Rf5 $2 (51... Ra5 52. Rdd7 Kg8) 52. Bd3 Re8 (52... Kg8 $142 53. Rdd7 Rf8) 53. Kf3 e5 54. Bxf5 {[%emt 0:00:08] White wants to mate with Rdd7.} exd4 55. Be4 {[%emt 0:00:18] Ra8 would kill now.} Rd8 56. Ra8 {[%emt 0:02:29] Weighted Error Value: White=0.33/Black=0.54} 1-0

[Event "European Women-ch 2023"]
[Site "Petrovac"]
[Date "2023.03.23"]
[Round "6.25"]
[White "Saraci, Rinesa"]
[Black "Buchholz, Maja Patricia"]
[Result "0-1"]
[ECO "A45"]
[WhiteElo "1503"]
[BlackElo "1883"]
[Annotator "NA RC COMBH"]
[PlyCount "88"]
[EventDate "2023.03.15"]
[EventType "swiss"]
[EventCountry "MNE"]
[SourceTitle "playchess.com"]
[Source "ChessBase"]
[SourceQuality "1"]
[TimeControl "40/5400+30:1800+30"]

1. d4 Nf6 2. Bf4 b6 3. e3 Bb7 4. Nc3 d6 5. Nf3 c5 6. Bb5+ Nbd7 7. O-O g6 8. h3 Bg7 9. Be2 O-O 10. Nd2 e5 11. dxe5 Nxe5 12. Nf3 Qe7 13. Nb5 Rad8 14. a4 a6 15. Nc3 Rfe8 16. Bg5 d5 17. Qc1 d4 18. Nxe5 Qxe5 19. Bf4 Qe6 20. Nd1 Nd5 21. Bg5 f6 22. Bg4 Qc6 23. Bh4 Nf4 24. Bf3 Ne2+ 25. Kh2 Qxf3 26. gxf3 Nxc1 27. Rxc1 Bxf3 28. b3 Rd7 29. exd4 Rxd4 30. Bg3 Bh6 31. Rb1 Rd7 32. Nb2 f5 33. Kg1 f4 34. Bh2 g5 35. Nc4 b5 36. Nb2 Re2 37. axb5 axb5 38. c4 Bg7 39. Rbd1 Rxd1 40. Nxd1 b4 41. h4 h6 42. hxg5 hxg5 43. Ne3 fxe3 44. fxe3 Rg2+ 0-1

[Event "European Women-ch 2023"]
[Site "Petrovac"]
[Date "2023.03.23"]
[Round "6.26"]
[White "Stefanova, Antoaneta"]
[Black "Paasikangas, Johanna"]
[Result "1-0"]
[ECO "D46"]
[WhiteElo "2435"]
[BlackElo "2115"]
[Annotator "TA"]
[PlyCount "101"]
[EventDate "2023.03.15"]
[EventType "swiss"]
[EventCountry "MNE"]
[SourceTitle "playchess.com"]
[Source "ChessBase"]
[SourceQuality "1"]
[TimeControl "40/5400+30:1800+30"]

1. d4 d5 2. c4 e6 3. Nf3 Nf6 4. Nc3 c6 5. e3 Bd6 6. Bd3 O-O 7. O-O Nbd7 8. e4 dxc4 9. Bxc4 e5 10. Bg5 h6 11. Bh4 exd4 {[%emt 0:08:35] D46: Semi-Slav: 5 e3 Nbd7 6 Bd3, Black avoids the Meran.} 12. Nxd4 ({White should try} 12. Qxd4 $11 Qe7 13. Bxf6 Qxf6 14. Qxf6 gxf6 15. Rfd1) 12... Ne5 13. Be2 Ng6 {[%emt 0:02:36] Black is slightly better.} 14. Bg3 Bxg3 15. hxg3 {[%emt 0:00:07] [#]} ({But not} 15. fxg3 Re8 $17) 15... Qb6 $146 {[%emt 0:01:23] [#] Threatens to win with ...Rd8.} ({Predecessor:} 15... Re8 16. Bf3 Ne5 17. Nb3 Qe7 18. Qc2 Nfg4 19. Bxg4 Nxg4 20. Rfe1 Be6 21. Nd4 Rad8 22. Nxe6 Qxe6 {½-½ Kuznetsov,M (2196)-Obrezchikov,M (1983) Moscow op-B 2009 (5)}) 16. Nb3 Be6 17. Qd4 Bxb3 18. Qxb6 axb6 19. axb3 b5 20. b4 Nd7 21. f4 Nb6 22. Kf2 Rfd8 23. Ke3 Kf8 24. Ra5 Ke7 25. Rfa1 Rab8 26. Ra7 Nf8 27. Rd1 Rxd1 28. Nxd1 Na4 29. b3 Nb6 30. Nf2 Kd6 31. Nd3 Nfd7 {[%emt 0:02:20] Against Nc5} 32. Bg4 f6 33. Kd4 {[%emt 0:00:31] [#] Nc5 is the strong threat.} Nc8 34. Ra1 b6 (34... Nf8 $14) 35. e5+ $16 fxe5+ $2 {[%emt 0:00:57] Black cannot hold the game after this.} (35... Kc7 $16 {was worth a try.} 36. Ke4 Rb7) 36. fxe5+ $18 Ke7 37. Nf4 Ke8 38. Nh5 g6 39. Nf6+ (39. e6 $142 Nf8 40. Nf6+ Kd8 41. Ke5) 39... Nxf6 40. exf6 {[%emt 0:00:00][%mdl 4096] Endgame KRB-KRN} Nd6 41. Rc1 Rd8 42. Rxc6 {[%emt 0:00:06][%cal Og4e6] Be6! would be deadly.} Nf7+ 43. Ke3 Ng5 $2 (43... Rd3+ 44. Kxd3 Ne5+ 45. Kc3 Nxc6) 44. Be2 ({Weaker is} 44. Rxb6 Kf7 45. Rxb5 Re8+ 46. Kd3 Rd8+ 47. Ke3 Re8+ 48. Kd3 Rd8+ 49. Kc4 Rd2 $18) 44... Rd5 45. Bd3 {[%emt 0:00:31] White is clearly winning.} Kf7 46. Rxb6 Ne6 47. Bxb5 Re5+ 48. Kd3 {[%emt 0:02:13] Strongly threatening Bc4.} Rg5 49. Bc4 Rxg3+ 50. Ke4 Kxf6 51. Rxe6+ {[%emt 0:01:08] Weighted Error Value: White=0.16 (very precise) /Black=0.37} 1-0

[Event "European Women-ch 2023"]
[Site "Petrovac"]
[Date "2023.03.23"]
[Round "6.27"]
[White "Abdinova, Narmin"]
[Black "Velikic, Adela"]
[Result "1-0"]
[ECO "D30"]
[WhiteElo "2090"]
[BlackElo "2329"]
[Annotator "TA"]
[PlyCount "59"]
[EventDate "2023.03.15"]
[EventType "swiss"]
[EventCountry "MNE"]
[SourceTitle "playchess.com"]
[Source "ChessBase"]
[SourceQuality "1"]
[TimeControl "40/5400+30:1800+30"]

1. d4 d5 2. c4 e6 3. Nf3 c6 4. g3 dxc4 5. Bg2 b5 6. O-O Bb7 7. Ne5 Qc8 8. b3 cxb3 $1 9. axb3 {[%emt 0:00:56] White has an edge.} Nd7 10. Nc3 Ngf6 11. Bg5 Nxe5 12. dxe5 Nd5 13. Ne4 h6 14. Bd2 Qc7 {[%emt 0:05:37] [#]} (14... Qb8 $11) 15. Nd6+ $1 $16 Bxd6 16. Ba5 Qd7 17. exd6 c5 (17... Qxd6 $2 18. e4 $18) 18. e4 (18. Rc1 $1 $14 {feels stronger.}) 18... Nf6 19. Bc3 a6 (19... O-O $14) 20. Qc2 Rc8 (20... Qxd6 $2 21. e5 Qb8 22. exf6 $18) 21. Qb2 {[%emt 0:13:02] White is more active.} (21. Qd2 {looks sharper.} Nxe4 22. Bxe4 Bxe4 23. Bxg7 Rg8 24. Be5) 21... Nxe4 (21... O-O $1 $14) 22. Bxe4 Bxe4 23. Rxa6 (23. Bxg7 $14 Rg8 24. Rxa6) 23... f6 $11 24. Qe2 Bf5 {[%emt 0:03:48][%mdl 8192] [#] Black is weak on the dark squares. This move loses the game for Black.} (24... Bb7 $11 {and Black is okay.} 25. Qh5+ Kf8) 25. g4 $1 $18 Bg6 {[%emt 0:00:09] [#]} 26. Ra7 $3 {[%emt 0:01:12][%mdl 576] Skewer} Qxd6 {[%emt 0:01:01] Hoping for ...0-0.} (26... Qxa7 $2 27. Qxe6+ (27. Qxb5+ $2 {too greedy.} Qd7 $19) 27... Kf8 28. Qxc8+ Kf7 29. Qxh8 $18) (26... Bd3 27. Rxd7) 27. Qxb5+ ({Don't play} 27. Rd1 Qc6 $18) 27... Kf8 (27... Qc6 $142 28. Qxc6+ {[%mdl 64] Remove Defender, Deflection} Rxc6 29. Ra8+ {[%mdl 64] Skewer} (29. Rxg7 Be4 $16) 29... Kf7 30. Rxh8 Bc2) 28. Qb7 Rh7 29. Qxc8+ Be8 30. Bxf6 {[%emt 0:02:13] Excellently played by Abdinova!   Weighted Error Value: White=0.12 (very precise) /Black=0.62} 1-0

[Event "European Women-ch 2023"]
[Site "Petrovac"]
[Date "2023.03.23"]
[Round "6.28"]
[White "Antolak, Julia"]
[Black "Makropoulou, Marina"]
[Result "1-0"]
[ECO "B62"]
[WhiteElo "2276"]
[BlackElo "2102"]
[Annotator "TA"]
[PlyCount "123"]
[EventDate "2023.03.15"]
[EventType "swiss"]
[EventCountry "MNE"]
[SourceTitle "playchess.com"]
[Source "ChessBase"]
[SourceQuality "1"]
[TimeControl "40/5400+30:1800+30"]

1. e4 c5 2. Nf3 d6 3. d4 cxd4 4. Nxd4 Nf6 5. Nc3 Nc6 6. Bg5 e6 7. Qd3 a6 8. Nxc6 $1 {[%emt 0:03:48][%mdl 4] outshines the older 8.0-0-0. B62: Sicilian: Richter-Rauzer: 6...e6: Unusual White 7th moves.} bxc6 9. O-O-O {[%emt 0:00:37][%cal Oe4e5] aiming for e5!} Qa5 10. f4 (10. Qg3 $14) 10... Rb8 $11 11. Be2 d5 {[%emt 0:04:55] [#]} 12. Bf3 $146 ({Predecessor:} 12. f5 Bb4 13. Bxf6 gxf6 14. fxe6 fxe6 15. Bh5+ Ke7 16. Qg3 Bxc3 17. bxc3 Bd7 18. Qg7+ {1-0 Nikitenko,M (2506)-Lutsko,I (2311) BLR-ch 88th Minsk 2022 (6)}) 12... Bb4 (12... Be7 {looks sharper.} 13. a3 h6 14. Bh4 Nxe4 15. Bxe7 Nxc3 16. Bd6 Nxd1 17. Bxb8 Qb6) 13. a3 {[%emt 0:05:22] And now Bxf6 would win.} Bxc3 14. Qxc3 Qxc3 15. bxc3 Bb7 16. e5 Nd7 {[%emt 0:00:24] Black is weak on the dark squares} 17. Bh4 a5 18. Kd2 Ba6 19. Rb1 Nb6 20. Be2 (20. Ra1 $11) 20... Bxe2 $17 21. Kxe2 Kd7 22. Bf2 Nc4 ({Black should play} 22... Na4 $1 $17 23. Kd2 Nb2) 23. Ba7 Rxb1 24. Rxb1 $15 {[%emt 0:00:06][%mdl 4096] Endgame KRB-KRN} Rc8 (24... Kc7 $1 $17 25. a4 h5) 25. Bc5 $11 Rc7 26. h4 h5 27. a4 Kc8 28. g4 hxg4 29. Rg1 g6 $1 30. Rxg4 Nb2 31. h5 gxh5 (31... Nxa4 $2 32. h6 Kb7 33. Bf8 Nxc3+ 34. Kd3 $18) 32. Rg8+ Kb7 $1 33. Bd6 Rc8 34. Rg7 Nxa4 35. Rxf7+ Kb6 36. c4 dxc4 37. Kd2 {[%emt 0:01:42] Prevents Nc3.} Rg8 {[%emt 0:03:37] Hoping for ...h4.} 38. f5 {[%emt 0:01:45] [#]} exf5 39. e6 $2 {[%emt 0:00:27] [#]} (39. Rxf5 $15 h4 40. Rh5) 39... Nc5 $2 (39... Rd8 $1 $19 40. Rd7 Re8) 40. Bc7+ Kb5 41. e7 (41. Rxf5 $5 Re8 $8 42. Bd6 $11) 41... Re8 42. Kc3 h4 (42... Ne6 {feels hotter.} 43. Rxf5+ c5 44. Bd6 Kc6) 43. Rxf5 {[%emt 0:02:49] Bd6 is the strong threat.} Rxe7 44. Bd6 Re3+ (44... Rd7 $11 {keeps the balance.} 45. Rxc5+ (45. Bxc5 $2 {too greedy.} Rd5 $19) 45... Kb6) 45. Kd2 $16 Re4 (45... Rf3 $16 46. Rxc5+ (46. Rxf3 Ne4+ 47. Kc1 Nxd6 $11) 46... Kb6) 46. Bxc5 $18 {[%emt 0:00:49] KRB-KR} ({Stronger than} 46. Rxc5+ Kb6 47. Bf8 Rf4 $11) 46... Ka6 $2 (46... Rg4 47. Be7+ Ka4) 47. Kc3 {[%emt 0:01:16] Bd4 would be deadly.} Rg4 (47... Kb7 48. Rh5 a4) 48. Rh5 {[%emt 0:01:04] Black must now prevent Be7.} Rf4 49. Be7 Rf3+ 50. Kxc4 h3 51. Bc5 Kb7 52. Rh7+ Kc8 53. Bd6 a4 54. c3 Kd8 55. Ra7 Rf1 56. Rxa4 Kd7 57. Bb8 $2 (57. Bg3 {Strongly threatening Ra7+.} Rg1 58. Bf4 (58. Ra7+ Ke6 $16)) 57... Rh1 $2 (57... Kc8) 58. Ra7+ {[%emt 0:00:19] White is clearly winning.} Ke6 59. Rh7 Kf5 60. Kc5 Kg4 61. Kxc6 Rc1 62. Be5 {[%emt 0:00:12] What a bad dream for Black.   Weighted Error Value: White=0.41/Black=0.38} 1-0